 Dungeon Crawl Stone Soup version 0.26.0-20-g3ca415f5b8 (webtiles) character file.

Game seed: 4244156415031034582

17 thiole the Magician (level 2, -1/17 HPs)
             Began as an Octopode Hedge Wizard on Jan 24, 2021.
             Slain by Natasha (3 damage)
             ... on level 2 of the Dungeon.
             The game lasted 00:01:38 (1226 turns).

thiole the Magician (Octopode Hedge Wizard)         Turns: 1226, Time: 00:01:39

Health: -1/17      AC:  1    Str:  9    XL:     2   Next: 62%
Magic:  0/6        EV: 13    Int: 16    God:
Gold:   46         SH:  0    Dex: 11    Spells: 6/7 levels left

rFire    . . .     SeeInvis .   a - +0 dagger
rCold    . . .     Faith    .   (no shield)
rNeg     . . .     Spirit   .   b - +0 hat
rPois    .         Reflect  .   (no amulet)
rElec    .         Harm     .   (no ring)
rCorr    .         Rampage  .   (no ring)
Will     .....                  (no ring)
Stlth    +++.......             (no ring)
HPRegen  0.05/turn              (no ring)
MPRegen  0.10/turn              (no ring)
                                (no ring)
                                (no ring)

@: no status effects
A: almost no armour, stealthy swim, amphibious, 8 rings, constrict 8, camouflage
1, gelatinous body 1
a: no special abilities


You were on level 2 of the Dungeon.
You visited 1 branch of the dungeon, and saw 2 of its levels.

You collected 46 gold pieces.

Inventory:

Hand Weapons
 a - a +0 dagger (weapon)
Armour
 b - a +0 hat (worn)
Scrolls
 f - a scroll of remove curse {unknown}
 g - a scroll of identify {unknown}
 h - a scroll of teleportation {unknown}
 i - a scroll of immolation {unknown}
 j - a scroll of amnesia {unknown}
Potions
 c - a potion of lignification {unknown}
 d - a potion of ambrosia {unknown}
 e - a potion of attraction {unknown}
 k - a potion of invisibility {unknown}


   Skills:
 - Level 2.0 Dodging
 + Level 3.1 Stealth
 + Level 3.1 Spellcasting
 * Level 1.6 Conjurations
 * Level 1.6 Summonings
 - Level 1.0 Translocations


You had 6 spell levels left.
You knew the following spells:

 Your Spells              Type           Power        Failure   Level
a - Magic Dart            Conj           28%          10%         1

Your spell library contained the following spells:

 Spells                   Type           Power        Failure   Level
 Call Imp                 Summ           7%           14%         2
 Blink                    Tloc           N/A          19%         2
 Slow                     Hex            2%           28%         2
 Conjure Flame            Conj/Fire      5%           38%         3
 Mephitic Cloud           Conj/Pois/Air  4%           41%         3


Dungeon Overview and Level Annotations

Branches:
Dungeon (2/15)

Altars:

Annotations:
D:2 Natasha


Innate Abilities, Weirdness & Mutations

You cannot wear most types of armour.
You are very stealthy in the water. (Stealth+)
You are amphibious.
You can wear up to eight rings at the same time.
You can use your tentacles to constrict eight enemies at once.
Your skin changes colour to match your surroundings (Stealth+).
Your rubbery body absorbs attacks. (AC +1, EV +1)


Message History

The magic dart hits Natasha.
Natasha is moderately wounded.
Natasha barely misses you.
Casting: Magic Dart (safe; 10% risk of failure)
Confirm with . or Enter, or press ? or * to list all spells.
Aiming: Magic Dart (safe; 10% risk of failure)
Press: ? - help, Shift-Dir - straight line, f/p - Natasha
Aim: Natasha (moderately wounded, 0% to evade)
The magic dart hits Natasha.
Natasha is heavily wounded.
Natasha closely misses you.
Casting: Magic Dart (safe; 10% risk of failure)
Confirm with . or Enter, or press ? or * to list all spells.
Aiming: Magic Dart (safe; 10% risk of failure)
Press: ? - help, Shift-Dir - straight line, f/p - Natasha
Aim: Natasha (heavily wounded, 0% to evade)
The magic dart hits Natasha.
Natasha is severely wounded.
Natasha claws you.
You die...

.............#........
#............#.####...
#............<..# #...
...........##..## ##.#
...............# #.#
........^.#....## #.#
.#######........# #.#
#######......# #.#
#h@.#........####.#
#.#.#.##.....#[....
#.#...##...........
#.######....#...... #.
######...... )(
##..... .. #...(. ..
##.#.# #...#


You could see Natasha.

Vanquished Creatures
  3 leopard geckos
  3 goblins
  2 hobgoblins (D:2)
  3 bats (D:1)
  2 kobolds
13 creatures vanquished.

Notes
Turn   | Place    | Note
-------+----------+-------------------------------------------
     0 | D:1      | thiole the Octopode Hedge Wizard began the quest for the
                  | Orb.
     0 | D:1      | Reached XP level 1. HP: 11/11 MP: 4/4
   411 | D:1      | Reached XP level 2. HP: 17/17 MP: 0/6
  1216 | D:2      | Noticed Natasha
  1226 | D:2      | Slain by Natasha

Illustrated notes

Levels and vault maps discovered:
D:1:      amcnicky_arrival_single_pillar, layout_basic, hangedman_decor_lopped
D:2:      layout_basic, uniq_natasha

Skill      XL: |  1 |
---------------+----+-----
Stealth        | 3 |  3.1
Dodging        | |  2.0
Spellcasting   | |  3.1
Conjurations   | |  1.6
Summonings     | |  1.6
Translocations | |  1.0

Action                   || total
-------------------------++-------
Melee: Dagger            ||     4
       Constrict         ||     2
       Tentacles         ||     1
 Cast: Magic Dart        ||    39
Dodge: Dodged            ||    13
